 Dungeon Crawl Stone Soup version 0.14-a0-1313-gb2df4ef (webtiles) character file.

495 PolkaDot the Ruinous (level 6, -1/41 HPs)
             Began as a Vampire Conjurer on Dec 5, 2013.
             Was an Initiate of Sif Muna.
             Killed from afar by an orc wizard (11 damage)
             ... with a puff of flame
             ... on Level 4 of the Dungeon.
             The game lasted 00:15:08 (2730 turns).

PolkaDot the Ruinous (Vampire Conjurer)             Turns: 2730, Time: 00:15:08

HP  -1/41        AC  3     Str  7      XL: 6   Next: 30%
MP   5/10        EV 12     Int 19      God: Sif Muna [......]
Gold 153         SH  0     Dex 14      Spells:  3 memorised,  2 levels left

rFire  . . .     SeeInvis +     e - staff of air
rCold  + . .     Clarity  .     i - +0 robe
rNeg   . . .     Conserve .     (no shield)
rPois  .         rCorr    .     (no helmet)
rElec  +         rRot     .     r - +0 cloak
SustAb . .       Spirit   .     (no gloves)
rMut   .         Warding  .     (no boots)
Saprov . . .     Stasis   .     (no amulet)
                                (no ring)
                                s - ring of protection from cold

@: regenerating quickly, slightly resistant to hostile enchantments, stealthy
A: bottle blood, fangs 3, see invisible, unbreathing
a: Bottle Blood, Renounce Religion


You were on level 4 of the Dungeon.
You worshipped Sif Muna.
Sif Muna was noncommittal.
You were very full.

You visited 2 branches of the dungeon, and saw 5 of its levels.

You collected 153 gold pieces.

Inventory:

Hand weapons
 a - a +2,+2 dagger of venom
Armour
 i - a +0 robe (worn)
 r - a +0 cloak (worn)
Scrolls
 d - 2 scrolls of magic mapping
 f - a scroll of remove curse
 g - a scroll of teleportation
 h - a scroll of random uselessness {unknown}
 k - a scroll of blinking {unknown}
 n - 4 scrolls of identify {unknown}
 o - a scroll of enchant weapon I {unknown}
 p - a scroll of fog {unknown}
Jewellery
 s - a ring of protection from cold (left hand)
Potions
 b - a potion of restore abilities {unknown}
 j - a potion of heal wounds
 l - a potion of might {unknown}
Books
 c - a book of Conjurations

   Spells                             Type                      Level
   *Magic Dart                        Conjuration                  1
   *Searing Ray                       Conjuration                  2
   Dazzling Spray                     Conjuration/Hexes            3
   *Iskenderun's Mystic Blast         Conjuration                  4
   Iskenderun's Battlesphere          Conjuration/Charms           4
   Fulminant Prism                    Conjuration/Hexes            5
Magical staves
 e - an uncursed staff of air (weapon)


   Skills:
 - Level 2.1 Dodging
 - Level 3.0 Stealth
 - Level 2.0 Spellcasting
 * Level 5.8 Conjurations


You had 2 spell levels left.
You knew the following spells:

 Your Spells              Type           Power        Failure   Level  Hunger
a - Magic Dart            Conj           ###.         1%          1    #......
d - Iskenderun's Mystic   Conj           ###.....     17%         4    #####..
s - Searing Ray           Conj           ###...       2%          2    ##.....


Dungeon Overview and Level Annotations

Branches:
Dungeon (4/16)             Temple (1/1) D:4

Altars:
Ashenzari
Cheibriados
Elyvilon
Fedhas
Kikubaaqudgha
Makhleb
Nemelex Xobeh
Okawaru
Sif Muna
Trog
Vehumet
Xom
Yredelemnul
Zin


Innate Abilities, Weirdness & Mutations

Your natural rate of healing is unusually fast.
You can bottle blood from corpses.
You have razor-sharp teeth.*
You have supernaturally acute eyesight.
You can survive without breathing.*


Message History

The orc wizard picks up an orcish short sword.
The orc wizard wields an orcish short sword.
Casting: Magic Dart
Confirm with . or Enter, or press ? or * to list all spells.
Aiming: Searing Ray
Press: ? - help, Shift-Dir - straight line, f - orc wizard
Aim: an orc wizard, wielding an orcish short sword and wearing an orcish robe (moving very quickly)
The searing ray hits the orc.
You kill the orc!
The orc wizard casts a spell at you. The puff of frost hits you! You resist.
The searing ray misses the orc wizard.
The orc wizard gestures at you while chanting.
The puff of flame hits you!
* * * LOW HITPOINT WARNING * * *
The searing ray hits the orc wizard.
The orc wizard is heavily wounded.
The orc wizard gestures at you while chanting.
The puff of flame hits you!
You die...

,...# #....#.........#.# #.....#
....# #....#....).⌠..#.# #######
>...# #................# ....#
######..o......#.# ....#
##.##.##.##.# ^...# #.....##....#
....# #.########..#### ##
....#########.########.....#####.
..............o.@.............)..
....##################.....#####.
....#......###########.....# ##
.#..#......%...............#
.#..#......###########.....#
.#..#......##********#######*****
.........(..>.,,,, ,,,,,,,,,,,,,,
.#..#.........,,,,,,,,,,,******##
.#....>.......,,,,,,,,,,,,,,,,,..


You could see an orc wizard.

Vanquished Creatures
  A hound (D:4)
  2 orc priests (D:4)
  3 orc wizards
  A worker ant (D:4)
  2 adders
  3 giant mites
  An inept feature mimic (D:4)
  3 worms
  An ooze (D:2)
  10 orcs
  7 giant cockroaches
  9 hobgoblins
  A quokka (D:3)
  4 bats
  2 giant geckos
  6 giant newts
  9 goblins
  7 kobolds
  13 rats
  A rat skeleton (D:4)
86 creatures vanquished.

Notes
Turn   | Place    | Note
--------------------------------------------------------------
     0 | D:1      | PolkaDot, the Vampire Conjurer, began the quest for the Orb.
     0 | D:1      | Reached XP level 1. HP: 13/13 MP: 3/3
   397 | D:1      | Reached XP level 2. HP: 4/19 MP: 0/4
   640 | D:1      | Learned a level 2 spell: Searing Ray
   747 | D:2      | Reached XP level 3. HP: 18/24 MP: 6/6
   985 | D:2      | Reached skill level 4 in Conjurations
  1158 | D:2      | Reached XP level 4. HP: 30/30 MP: 7/7
  1168 | D:2      | Learned a level 4 spell: Iskenderun's Mystic Blast
  1422 | D:3      | Reached XP level 5. HP: 16/35 MP: 9/9
  1558 | D:3      | Found a shimmering altar of Xom.
  1571 | D:3      | Found an iron altar of Okawaru.
  2082 | D:4      | Reached skill level 5 in Conjurations
  2196 | D:4      | Reached XP level 6. HP: 31/41 MP: 10/10
  2236 | D:4      | Found a staircase to the Ecumenical Temple.
  2261 | Temple   | Entered the Ecumenical Temple
  2370 | Temple   | Became a worshipper of Sif Muna the Loreminder
  2730 | D:4      | Killed from afar by an orc wizard

Action                   |  1- 3 |  4- 6 || total
-------------------------+-------+-------++-------
Melee: Unarmed           |     7 |       ||     7
       Dagger            |    66 |   119 ||   185
       Staff             |       |     2 ||     2
 Cast: Magic Dart        |    21 |    16 ||    37
       Searing Ray       |     2 |     6 ||     8
  Use: Potion            |     2 |     5 ||     7
       Scroll            |       |     5 ||     5
 Stab: Sleeping          |     3 |     2 ||     5
